 Dungeon Crawl Stone Soup version 0.27-a0-941-g386ccf399c (webtiles) character file.

Game seed: 5006300582550702694

279 Morbidden the Magician (level 6, -2/43 HPs)
             Began as a Djinni Air Elementalist on Apr 11, 2021.
             Slain by a black bear (8 damage)
             ... on level 4 of the Dungeon.
             The game lasted 00:08:00 (5268 turns).

Morbidden the Magician (Djinni Air Elementalist)    Turns: 5268, Time: 00:08:01

Health: -2/43      AC:  6    Str:  9    XL:     6   Next: 26%
Gold:   84         EV: 12    Int: 16    God:
                   SH:  0    Dex: 14

rFire    + + .     SeeInvis .   a - +1 dagger (venom)
rCold    x . .     Faith    .   (no shield)
rNeg     . . .     Spirit   .   m - +3 leather armour
rPois    ∞         Reflect  .   (no helmet)
rElec    .         Harm     .   (no cloak)
rCorr    .         Rampage  .   (no gloves)
Will     .....                  (boots unavailable)
Stlth    ++........             (no amulet)
HPRegen  0.14/turn              (no ring)
MPRegen  0.00/turn              (no ring)

@: wereblooded, flying
A: fire resistance 2, cold vulnerability 1, float, innate caster, hp casting,
extra vitality 1
a: no special abilities


You were on level 4 of the Dungeon.
You visited 1 branch of the dungeon, and saw 4 of its levels.
You also visited: Sewer.

You collected 84 gold pieces.

Inventory:

Hand Weapons
 a - a +1 dagger of venom (weapon)
 b - a +1 vampiric short sword
Armour
 m - a +3 leather armour (worn)
Wands
 h - a wand of polymorph (7)
 j - a wand of charming (13)
Scrolls
 e - 2 scrolls of teleportation {unknown}
 g - a scroll of fog {unknown}
 k - a scroll of enchant armour {unknown}
 o - a scroll of identify {unknown}
Potions
 c - a potion of lignification {unknown}
 d - 5 potions of curing
 f - a potion of brilliance {unknown}
 i - a potion of flight {unknown}
 l - a potion of magic {unknown}
 n - 2 potions of might {unknown}
 p - 2 potions of haste {unknown}


   Skills:
 * Level 1.8 Fighting
 + Level 0.7 Short Blades
 + Level 0.4 Armour
 + Level 2.4 Dodging
 + Level 2.5 Stealth
 * Level 4.9 Spellcasting


You couldn't memorise any spells.
You knew the following spells:

 Your Spells              Type           Power      Damage    Failure   Level
a - Shock                 Conj/Air       76%        1d7       2%          1
b - Swiftness             Air            19%        N/A       4%          2
c - Static Discharge      Conj/Air       19%        N/A       9%          3
d - Airstrike             Air            9%         N/A       26%         4
e - Lightning Bolt        Conj/Air       9%         1d22      58%         5
f - Wereblood             Tmut           19%        N/A       4%          2
z - Freeze                Ice            76%        1d9       2%          1
Your spell library was empty.

Dungeon Overview and Level Annotations

Branches:
Dungeon (4/15)              Sewer (visited)
 Temple: D:4-7

Altars:
Elyvilon
Gozag
Makhleb
Sif Muna
Uskayaw
Yredelemnul
The Shining One

Shops:
D:1 =   D:3 (

Annotations:
D:3 exclusion: phantom


Innate Abilities, Weirdness & Mutations

You are immune to poison.
Your flesh is very heat resistant. (rF++)
You are vulnerable to cold. (rC-)
You float through the air rather than walking.
You learn spells naturally, not from books.
Your magical power is your life essence.
You have superior vitality. (+4 HP)


Message History

The black bear bites you but does no damage.
The black bear claws you. x2
You barely miss the black bear.
The black bear is heavily wounded.
The black bear closely misses you.
The black bear claws you but does no damage. x2
You hit the black bear.
The black bear is heavily wounded.
The black bear misses you. x2
The black bear claws you but does no damage.
You hit the black bear but do no damage.
The black bear is heavily wounded.
The black bear bites you but does no damage.
The black bear claws you. x2
You hit the black bear.
You feel better.
The black bear is heavily wounded.
The black bear bites you. The black bear claws you.
The black bear barely misses you.
Unknown command.
Unknown command.
You feel the dreadful sensation subside.
Your +1 dagger of venom begins to drip with poison!
a - a +1 dagger of venom (weapon)
You hit the black bear.
The black bear is poisoned.
The black bear is severely wounded.
The black bear bites you.
The black bear claws you but does no damage.
The black bear claws you.
You hit the black bear.
The black bear is severely wounded.
The black bear goes berserk!
Unknown command.
Okay, then.
It was a potion of curing.
You feel better. The black bear bites you!
* * * LOW HITPOINT WARNING * * *
The black bear claws you but does no damage.
The black bear claws you.
* * * LOW HITPOINT WARNING * * *
The black bear bites you!
You die...

##.....#.##.#.....###### ..
#.............#####
#?..##.......###....#
#...............#.#######
#####......####.#.......###
#.†.....# #.#######..).
#.......# #.# ##<###
#.......####..#####..#
##.....@h<.##.......##
##...####...$.....##
#?.####.....#####.[# #..##
#.###.# ##.# #.# . #..#
#... #. .# ###.. # # ... .#
.#


You could see a black bear (berserk, very poisoned).

Vanquished Creatures
  An iguana (D:4)
  An orc wizard (D:4)
  A hound skeleton (D:4)
  11 adders
  A river rat (Sewer)
  4 worms
  4 orcs (D:4)
  6 ball pythons
  7 endoplasms
  A giant cockroach (D:2)
  4 goblins
  5 hobgoblins
  13 jackals
  7 quokkas
  4 bats
  9 frilled lizards
  10 kobolds
  13 rats
102 creatures vanquished.

Notes
Turn   | Place    | Note
-------+----------+-------------------------------------------
     0 | D:1      | Morbidden the Djinni Air Elementalist began the quest for
                  | the Orb.
     0 | D:1      | Reached XP level 1. HP: 15/15 MP: 0/0
   325 | D:1      | Reached skill level 3 in Spellcasting
   350 | D:1      | Reached XP level 2. HP: 3/21 MP: 0/0
   611 | D:1      | Found Ucwaor's Jewellery Shop.
  1117 | D:1      | Found a faded altar of an unknown god.
  1359 | D:2      | Reached XP level 3. HP: 23/25 MP: 0/0
  1359 | D:2      | Learned a level 1 spell: Freeze
  2080 | D:2      | Reached XP level 4. HP: 24/31 MP: 0/0
  2189 | D:2      | Reached skill level 1 in Fighting
  2416 | D:2      | Reached skill level 4 in Spellcasting
  3099 | D:3      | Found a white marble altar of Elyvilon.
  3119 | D:3      | Noticed a phantom
  3274 | D:3      | Found Yfeith's Antique Weapon Boutique.
  3471 | D:3      | Found a hide-covered altar of Uskayaw.
  3496 | D:3      | Found a burning altar of Makhleb.
  4018 | D:4      | Reached XP level 5. HP: 25/37 MP: 0/0
  4018 | D:4      | Learned a level 2 spell: Wereblood
  4263 | D:4      | Found a glowing drain.
  4369 | Sewer    | Entered a sewer
  4771 | Sewer    | Reached XP level 6. HP: 24/42 MP: 0/0
  5217 | D:4      | Found a basalt altar of Yredelemnul.
  5218 | D:4      | Found a glowing golden altar of the Shining One.
  5218 | D:4      | Found an opulent altar of Gozag.
  5244 | D:4      | Noticed a black bear
  5268 | D:4      | Slain by a black bear

Illustrated notes

Levels and vault maps discovered:
D:1:      minmay_arrival_widening_spiral_narrow, layout_rooms,
          shapermc_ecumenical_altar_starsandcircs, serial_shops,
          nicolae_shop_stone
D:2:      layout_basic, st_stairs_9
D:3:      layout_basic, lemuel_round_altar, elyvilon_altar_1,
          grunt_dithmenos_smoke_and_mirrors, eat_drink_and_be_merry_uskayaw,
          serial_shops, shop, hangedman_abyss_or_decor_stabs
D:4:      layout_rooms, nicolae_overflow_hidden_temple,
          chequers_temple_overflow_statue_of_worship,
          minmay_temple_entry_antechambers, gup_sewer_entry_bubbles,
          uniq_grinder

Skill      XL: |  1  2  3  4  5 |
---------------+----------------+-----
Spellcasting   | 3 4 |  4.9
Fighting       | 1 |  1.8
Stealth        | 2 |  2.5
Short Blades   | |  0.7
Armour         | |  0.4
Dodging        | |  2.4

Action                   |  1- 3 |  4- 6 || total
-------------------------+-------+-------++-------
Melee: Dagger            |       |    15 ||    15
       Short sword       |       |    73 ||    73
 Cast: Shock             |    86 |   115 ||   201
       Freeze            |     3 |    11 ||    14
       Swiftness         |       |     1 ||     1
       Wereblood         |       |     1 ||     1
  Use: Potion            |       |     1 ||     1
 Stab: Sleeping          |       |     5 ||     5
Armor: Robe              |     5 |     3 ||     8
       Leather armour    |       |    46 ||    46
Dodge: Dodged            |    15 |    74 ||    89

Table legend: (Time is in decaauts)
 A = Elapsed time spent in this place.
 B = Non-inter-level travel time spent in this place.
 C = Inter-level travel time spent in this place.
 D = Time resting spent in this place.
 E = Time spent auto-exploring this place.
 F = Levels seen in this place.
 G = Mean time per level.
                   A        B        C        D        E       F      G
               +--------+--------+--------+--------+--------+-----+--------+
         Total |   5273 |   5152 |    121 |    493 |   3978 |   5 | 1054.6 |
       Dungeon |   4573 |   4452 |    121 |    482 |   3434 |   4 | 1143.2 |
         Sewer |    700 |    700 |      0 |     11 |    544 |   1 |  700.0 |
               +--------+--------+--------+--------+--------+-----+--------+

Top non-repeatable levels by time:
     D:1: 1556 daAuts
     D:2: 1418 daAuts
     D:3: 1041 daAuts
   Sewer: 700 daAuts
     D:4: 557 daAuts
